 Dungeon Crawl Stone Soup version 0.17-a0-1582-ge6b0260 (webtiles) character file.

158 urechis the Conjurer (level 5, -2/28 HPs)
             Began as a Gargoyle Wizard on July 27, 2015.
             Killed by nerve-wracking pain
             ... invoked by an orc priest
              (10 damage)
             ... on level 3 of the Dungeon.
             The game lasted 00:06:04 (2311 turns).

urechis the Conjurer (Gargoyle Wizard)              Turns: 2311, Time: 00:06:06

Health: -2/28      AC: 11    Str: 10    XL:     5   Next: 39%
Magic:  0/10       EV: 11    Int: 20    God:
Gold:   87         SH:  0    Dex:  8    Spells: 1 memorised, 10 levels left

rFire  + . .     SeeInvis .     t - +0 mace (protect)
rCold  . . .     Clarity  .     a - +0 robe
rNeg   + . .     SustAt   .     (no shield)
rPois  ∞         Gourm    .     b - +0 hat
rElec  +         Spirit   .     (no cloak)
rCorr  .         Warding  .     (no gloves)
rMut   .         Rnd*Tele +     (no boots)
MR     .....                    (no amulet)
Stlth  ++........               h - ring of protection from fire
                                r - ring of teleportation (curse)

@: not resistant to hostile enchantments, unstealthy
A: negative energy resistance 1, electricity resistance, unbreathing,
petrification resistance, rot immunity, AC +4
a: Evoke Teleportation


You were on level 3 of the Dungeon.
You were not hungry.

You visited 1 branch of the dungeon, and saw 3 of its levels.

You collected 87 gold pieces.

Inventory:

Hand weapons
 t - a +0 mace of protection (weapon)
Armour
 a - a +0 robe (worn)
 b - a +0 hat (worn)
Jewellery
 h - a ring of protection from fire (right hand)
 j - an uncursed ring of flight
 r - a cursed ring of teleportation (left hand)
Magical devices
 o - a wand of frost (33)
Scrolls
 e - a scroll of teleportation
 l - 2 scrolls of identify
Potions
 g - 2 potions of brilliance {unknown}
 i - 2 potions of curing
 k - a potion of magic {unknown}
 n - a potion of agility {unknown}
 p - a potion of lignification {unknown}
 s - 2 potions of flight {unknown}
Books
 c - a book of Minor Magic

   Spells                             Type                      Level
   a - Magic Dart                     Conjuration                  1
   b - Blink                          Translocation                2
   c - Call Imp                       Summoning                    2
   d - Repel Missiles                 Charms/Air                   2
   e - Slow                           Hexes                        2
   f - Conjure Flame                  Conjuration/Fire             3
   g - Mephitic Cloud                 Conjuration/Poison/Air       3
Comestibles
 d - 3 bread rations
 f - a meat ration
 m - a chunk of flesh


   Skills:
 - Level 1.5 Dodging
 - Level 2.1 Stealth
 + Level 3.8 Spellcasting
 * Level 4.8 Conjurations
   Level 0.8 Summonings
   Level 0.8 Translocations


You had 10 spell levels left.
You knew the following spells:

 Your Spells              Type           Power        Failure   Level  Hunger
a - Magic Dart            Conj           ###.         1%          1    None


Dungeon Overview and Level Annotations

Branches:
Dungeon (3/15)

Altars:

Annotations:
D:3 Grinder


Innate Abilities, Weirdness & Mutations

You are resistant to torment.
Your stone body is resilient (AC +4).
You are immune to poison.
You resist negative energy.
You are resistant to electric shocks.
You can survive without breathing.
You are immune to petrification.
You are immune to rotting.


Message History

Aiming: Magic Dart
Press: ? - help, Shift-Dir - straight line, f/p - orc priest
Aim: an orc priest, wielding a falchion (heavily wounded)
The magic dart hits the orc priest.
The orc priest is severely wounded.
The orc priest barely misses you.
Casting: Magic Dart
Confirm with . or Enter, or press ? or * to list all spells.
Aiming: Magic Dart
Press: ? - help, Shift-Dir - straight line, f/p - orc priest
Aim: an orc priest, wielding a falchion (severely wounded)
The magic dart hits the orc priest.
The orc priest is almost dead.
You barely miss the orc priest.
The orc priest is almost dead.
The orc priest hits you with a falchion.
* * * LOW HITPOINT WARNING * * *
The orc priest mumbles some strange prayers to Beogh against you.
Pain shoots through your body!
You die...

#..# #.............##### ##.#
#...............o.. #.#
##..(####÷####.....
#.#####.#####.##.......
##.#.............o....#
#.................)..#
............##....####
..(.......####.####
##.##....#.....o@.##
...................#
##.................#
####..)..#........##
####..........#.##############
.........#.####.###..........##
##.......#.# #.##............##
#....##..#.# #.#..............#
...........####.#.)............#


You could see an orc priest.

Vanquished Creatures
  An orc priest (D:3)
  Terence (D:3)
  3 adders
  2 oozes (D:3)
  5 giant geckos
  2 orcs (D:3)
  5 bats
  3 giant cockroaches
  11 goblins
  10 hobgoblins
  A quokka (D:2)
  3 giant newts
  5 kobolds
  10 rats
62 creatures vanquished.

Notes
Turn   | Place    | Note
--------------------------------------------------------------
     0 | D:1      | urechis the Gargoyle Wizard began the quest for the Orb.
     0 | D:1      | Reached XP level 1. HP: 10/10 MP: 4/4
   341 | D:1      | Reached XP level 2. HP: 13/15 MP: 1/6
  1040 | D:1      | You fall through a shaft!
  1057 | D:2      | Reached XP level 3. HP: 19/19 MP: 2/7
  1667 | D:2      | Reached XP level 4. HP: 13/24 MP: 1/9
  1886 | D:3      | Reached skill level 4 in Conjurations
  1970 | D:3      | Found a faded altar to an unknown god.
  2042 | D:3      | Noticed Grinder
  2091 | D:3      | Noticed Terence
  2115 | D:3      | Killed Terence
  2115 | D:3      | Reached XP level 5. HP: 28/28 MP: 0/10
  2307 | D:3      | HP: 1/28 [orc priest/nerve-wracking pain (13)]
  2311 | D:3      | Killed from afar by an orc priest

Vault maps used:
D:1:      dpeg_arrival_radiant
D:2:      first_bread, lemuel_old_faithful
D:3:      ecumenical_altar_1, uniq_grinder, uniq_terence

Action                   |  1- 3 |  4- 6 || total
-------------------------+-------+-------++-------
Melee: Club              |    31 |       ||    31
       Short sword       |     2 |    23 ||    25
       Mace              |       |    14 ||    14
 Cast: Magic Dart        |    80 |    69 ||   149
  Use: Scroll            |       |     3 ||     3
       Potion            |       |     1 ||     1
  Eat: Chunk             |     2 |     2 ||     4
